 Dungeon Crawl Stone Soup version 0.32-a0-540-g866d13106e (webtiles) character file.

Game seed: 11571880644768514693

658 grandjackal the Trooper (level 7, 0/85 HPs)
             Began as a Demonspawn Gladiator on Feb 29, 2024.
             Succumbed to a gnoll sergeant zombie's poison
             ... on level 4 of the Dungeon.
             The game lasted 00:04:47 (3680 turns).

grandjackal the Trooper (Demonspawn Gladiator)      Turns: 3680, Time: 00:04:48

Health: 0/85       AC: 23    Str: 15    XL:     7   Next: 30%
Magic:  7/7        EV:  2    Int:  8    God:
Gold:   289        SH:  5    Dex: 22    Spells: 6/6 levels left

rFire   . . .        g - +2 dagger (venom)
rCold   + . .        (no shield)
rNeg    . . .        b - melded +0 leather armour
rPois   +            c - melded +0 helmet
rElec   .            x - melded scarf {rC+ rF+}
rCorr   .            (gloves currently unavailable)
SInv    .            (boots currently unavailable)
Will    .....        u - amulet of reflection
Stlth   ++           f - ring of protection from cold
HPRegen 0.34/turn    j - +6 ring of dexterity
MPRegen 0.10/turn

%: reflection
@: lethally poisoned (0 -> -25), tree-form
A: stationary, stasis, torment immunity, boosted hp, (claws 1), (large bone
plates 2)
a: no special abilities


You were on level 4 of the Dungeon.
You were a tree.
You visited 1 branch of the dungeon, and saw 4 of its levels.

You collected 289 gold pieces.

Inventory:

Hand Weapons
 a - a +0 long sword
 g - a +2 dagger of venom (weapon)
 q - a +4 short sword
 t - a +2 short sword of draining
Missiles
 d - 3 throwing nets (quivered)
 e - a javelin
Armour
 b - a +0 leather armour (melded)
 c - a +0 helmet (melded)
 p - a +0 scale mail
 s - a +0 cloak
 x - a scarf of resistance (melded)
Jewellery
 f - a ring of protection from cold (left branch)
 j - a +6 ring of dexterity (right branch)
 u - an amulet of reflection (around neck)
 B - a ring of positive energy
Wands
 y - a wand of flame (38)
Scrolls
 k - 2 scrolls of teleportation {unknown}
 o - a scroll of torment {unknown}
 v - 7 scrolls of identify {unknown}
 A - a scroll of enchant weapon {unknown}
Potions
 h - a potion of lignification
 i - a potion of mutation {unknown}
 l - 3 potions of degeneration {unknown}
 m - a potion of cancellation {unknown}
 n - 3 potions of might {unknown}
 r - a potion of magic {unknown}
 w - 2 potions of curing {unknown}
 z - a potion of enlightenment {unknown}
 C - a potion of resistance


   Skills:
 + Level 5.7 Fighting
 - Level 4.5 Long Blades
 - Level 2.2 Throwing
 - Level 3.0 Dodging
 + Level 3.0 Unarmed Combat


You had 6 spell levels left.
You didn't know any spells.
Your spell library contained the following spells:

 Spells                   Type           Power      Damage    Failure   Level
 Foxfire                  Conj/Fire      0%         2x1d4     41%         1
 Olgreb's Toxic Radiance  Alch           0%         N/A       99%         4
 Plasma Beam              Fire/Air       0%         2x1d10    100%        6
 Starburst                Conj/Fire      0%         6d3       100%        6
 Ozocubu's Refrigeration  Ice            0%         4d7       100%        7
 Discord                  Hex            0%         N/A       100%        8


Dungeon Overview and Level Annotations

Branches:
Dungeon (4/15)
 Temple: D:4-7

Altars:
Makhleb
Sif Muna

Annotations:
D:4 1 transporter


Innate Abilities, Weirdness & Mutations

You are a tree.
Your roots penetrate the ground, keeping you stationary.
You cannot be teleported.
You are immune to unholy pain and torment.
Your maximum health is greatly increased.
Your equipment is partially melded.
((You have sharp fingernails.))
((You are mostly covered in large bone plates. (SH +6)))


Message History

The orc warrior zombie hits you with a +2 war axe of venom.
You are more poisoned.
You hit the orc warrior zombie.
You destroy the orc warrior zombie!
You feel very sick.
You block the gnoll sergeant zombie's attack.
You hit the gnoll sergeant zombie.
The gnoll sergeant zombie is heavily damaged.
You feel very sick.
You block the gnoll sergeant zombie's attack.
You hit the gnoll sergeant zombie.
The gnoll sergeant zombie is severely damaged.
* * * LOW HITPOINT WARNING * * *
You feel very sick.
Unknown command.
You puncture the gnoll sergeant zombie!
The gnoll sergeant zombie is almost destroyed.
* * * LOW HITPOINT WARNING * * *
You feel very sick.
You block the gnoll sergeant zombie's attack.
You hit the gnoll sergeant zombie.
The gnoll sergeant zombie is almost destroyed.
* * * LOW HITPOINT WARNING * * *
You feel sick.
The gnoll sergeant zombie hits you with a +1 trident of venom.
* * * LOW HITPOINT WARNING * * *
You are more poisoned.
You hit the gnoll sergeant zombie.
The gnoll sergeant zombie is almost destroyed.
* * * LOW HITPOINT WARNING * * *
You feel very sick.
The gnoll sergeant zombie hits you but does no damage.
You are more poisoned.
Unknown command.
It was a potion of lignification.
You turn into a tree.
Your scarf of resistance melds into your body.
Your +0 helmet melds into your body.
Your +0 leather armour melds into your body.
You feel hot and cold all over.
Your roots penetrate the ground.
You die...

#>..#○..$)$☼°°##..........
#..##○○°...°○.#######.....
##.##..°○○°☼..#...##......
#.##..☼°○○○○.#...>#......
#..####°☼°####..#........
##.##°○...○°#†..#........
#..#○°#.#☼°#............
##.#○°.)Z☼○#...#.###....
#.#..#♣#..#...#.# ##...
#.#°○°○°○○#.....# ###.
#.#○○○°○°°###..## #..
#.#########...## #.# #.#
#.©...###########.. #.#
#....[.........##.# #.#
##..##.#######....# #.##
#.....#.....#.>...
#..###...#.#.....#....#


You could see a gnoll sergeant zombie.

Vanquished Creatures
  An ogre (D:4)
  A bullfrog (D:4)
  A scorpion (D:4)
  3 bombardier beetles (D:4)
  A hound (D:3)
  2 jellies (D:4)
  Crazy Yiuf (D:2)
  Natasha (thrice) (D:3)
  6 adders
  An orc zombie (D:4)
  4 dart slugs
  2 ribbon worms
  2 orcs (D:3)
  10 bats
  2 endoplasms (D:1)
  5 giant cockroaches
  11 goblins
  6 hobgoblins
  2 jackals (D:2)
  9 quokkas
  13 ball pythons
  A frilled lizard (D:2)
  10 kobolds
  5 rats
102 creatures vanquished.

Notes
Turn   | Place    | Note
-------+----------+-------------------------------------------
     0 | D:1      | grandjackal the Demonspawn Gladiator began the quest for
                  | the Orb.
     0 | D:1      | Reached XP level 1. HP: 16/16 MP: 1/1
   106 | D:1      | Gained mutation: You are partially covered in large bone
                  | plates. (SH +4) [demonic ancestry]
   106 | D:1      | Reached XP level 2. HP: 22/22 MP: 2/2
   292 | D:1      | Reached XP level 3. HP: 28/28 MP: 3/3
  1000 | D:2      | Found a burning altar of Makhleb.
  1069 | D:2      | Found a faded altar of an unknown god.
  1343 | D:2      | Reached skill level 3 in Fighting
  1343 | D:2      | Reached XP level 4. HP: 35/35 MP: 4/4
  1446 | D:2      | Found a runed translucent door.
  1447 | D:2      | Noticed Crazy Yiuf
  1642 | D:2      | Killed Crazy Yiuf
  1838 | D:3      | Gained mutation: You are mostly covered in large bone
                  | plates. (SH +6) [demonic ancestry]
  1838 | D:3      | Reached XP level 5. HP: 39/41 MP: 5/5
  2276 | D:3      | Noticed Natasha
  2309 | D:3      | Killed Natasha
  2310 | D:3      | Reached skill level 4 in Fighting
  2829 | D:3      | Noticed Natasha
  2836 | D:3      | Killed Natasha
  2865 | D:3      | Noticed Natasha
  2871 | D:3      | Killed Natasha
  2872 | D:3      | Gained mutation: You have sharp fingernails. [demonic
                  | ancestry]
  2872 | D:3      | Reached XP level 6. HP: 29/49 MP: 6/6
  2974 | D:4      | Reached skill level 1 in Unarmed Combat
  3008 | D:3      | HP: 2/50 [adder (4)]
  3221 | D:4      | Reached skill level 5 in Fighting
  3246 | D:4      | Found a shimmering blue altar of Sif Muna.
  3280 | D:4      | Found a transporter.
  3354 | D:4      | Reached XP level 7. HP: 50/56 MP: 7/7
  3546 | D:4      | Found a transporter.
  3680 | D:4      | Succumbed to a gnoll sergeant zombie's poison

Illustrated notes

Levels and vault maps discovered:
D:1:      lightli_arrival_farm, layout_basic, kennysheep_another_room
D:2:      layout_basic, hellmonk_ecumenical_altar_heavens_door, basic_altar,
          serial_bayou_pond_a, grunt_ministairs_3,
          chequers_serial_rivers_room_b, minmay_crystal_room,
          uniq_crazy_yiuf_cottage
D:3:      layout_loops_cross, kennysheep_doodads, minmay_fractal_squares_5,
          uniq_natasha
D:4:      gammafunk_cloud_chamber, layout_rooms, amcnicky_altar_gilded

Skill      XL: |  1  2  3  4  5  6  7 |
---------------+----------------------+-----
Throwing       | 2 |  2.2
Long Blades    | 3 4 |  4.5
Dodging        | 3 |  3.0
Fighting       | 3 4 5 |  5.7
Unarmed Combat | 2 3 |  3.0

Action                     |  1- 3 |  4- 6 |  7- 9 || total
---------------------------+-------+-------+-------++-------
  Melee: Long sword        |    60 |       |       ||    60
         Dagger            |    68 |   162 |    27 ||   257
  Throw: Throwing net      |       |     1 |       ||     1
    Use: Potion            |       |       |     1 ||     1
   Stab: Sleeping          |     2 |     2 |     1 ||     5
         Distracted        |       |       |     1 ||     1
 Armour: Leather armour    |    68 |    76 |     8 ||   152
  Dodge: Dodged            |    79 |    54 |     8 ||   141
  Block: Other             |    21 |    75 |    11 ||   107
         Reflection        |       |     2 |     2 ||     4

Table legend: (Time is in decaauts)
 A = Elapsed time spent in this place.
 B = Non-inter-level travel time spent in this place.
 C = Inter-level travel time spent in this place.
 D = Time resting spent in this place.
 E = Time spent auto-exploring this place.
 F = Levels seen in this place.
 G = Mean time per level.
                   A        B        C        D        E       F      G
               +--------+--------+--------+--------+--------+-----+--------+
         Total |   3687 |   3525 |    162 |    625 |   2144 |   4 |  921.8 |
       Dungeon |   3687 |   3525 |    162 |    625 |   2144 |   4 |  921.8 |
               +--------+--------+--------+--------+--------+-----+--------+

Top non-repeatable levels by time:
     D:3: 1178 daAuts
     D:2: 1053 daAuts
     D:1: 757 daAuts
     D:4: 697 daAuts
